 Dungeon Crawl Stone Soup version 0.29-a0-221-gceb61267dd (webtiles) character file.

Game seed: 2127262078179074522

4356 anonymouscript the Grappler (level 10, -3/93 HPs)
             Began as a Troll Fighter on Feb 27, 2022.
             Was a High Priest of Cheibriados.
             Killed by divine providence
             ... invoked by an orc priest
              (12 damage)
             ... on level 9 of the Dungeon.
             The game lasted 00:32:28 (6475 turns).

anonymouscript the Grappler (Troll Fighter)         Turns: 6475, Time: 00:32:28

Health: -3/93      AC: 10    Str: 46      XL:     10   Next: 12%
Magic:  10/10      EV: 28    Int: 15 (16) God:    Cheibriados [*****.]
Gold:   628        SH: 11    Dex: 22 (23) Spells: 11/11 levels left

rFire   + . .      SeeInvis .   K - +0 morningstar
rCold   + . .      Faith    .   b - +0 kite shield
rNeg    . . .      Spirit   .   F - +2 robe {rC+ rF+}
rPois   .          Reflect  .   (helmet restricted)
rElec   .          Harm     .   (no cloak)
rCorr   .          Rampage  .   (gloves unavailable)
Will    .....                   (boots unavailable)
Stlth   ++........              o - amulet of the acrobat
HPRegen 1.05/turn               i - +4 ring of protection
MPRegen 0.12/turn               y - +6 ring of strength

@: acrobatic, very slow
A: large, unfitting armour, claws 3, regeneration 1, shaggy fur 1, tough skin 1,
deterioration 1
a: Renounce Religion, Bend Time, Temporal Distortion, Slouch, Step From Time


You were on level 9 of the Dungeon.
You worshipped Cheibriados.
Cheibriados was extremely pleased with you.
You visited 2 branches of the dungeon, and saw 10 of its levels.

You collected 628 gold pieces.

Inventory:

Hand Weapons
 d - a +0 giant spiked club
 t - a +0 dagger
 u - a +0 rapier
 v - a +3 hand crossbow of freezing
 x - a +0 flail
 B - a +2 dire flail of protection
 K - a +0 morningstar (weapon)
Missiles
 j - 169 stones (quivered)
Armour
 a - a +0 robe
 b - a +0 kite shield (worn)
 p - the +0 robe "Gikayt" {Contam rF+ Regen+ Int+3}
   (You found it on level 5 of the Dungeon)

   Int:       It affects your intelligence (+3).
   rF:        It protects you from fire.
   Contam:    It causes magical contamination when unequipped.
   Regen:     It increases your rate of health regeneration.
 F - a +2 robe of resistance (worn)
 G - a +1 robe of willpower
 I - a +2 robe of fire resistance
Magical Staves
 k - a staff of poison
Jewellery
 i - a +4 ring of protection (left claw)
 o - an amulet of the acrobat (around neck)
 y - a +6 ring of strength (right claw)
 z - a +6 ring of intelligence
Wands
 E - a wand of paralysis (6)
Scrolls
 f - a scroll of enchant weapon
 l - 6 scrolls of teleportation
 D - a scroll of noise {unknown}
 H - a scroll of blinking {unknown}
 J - a scroll of fog {unknown}
 L - a scroll of identify
Potions
 c - 3 potions of brilliance
 e - 2 potions of resistance
 g - a potion of cancellation {unknown}
 h - a potion of might
 m - 3 potions of mutation
 n - 3 potions of curing
 q - a potion of berserk rage {unknown}
 r - a potion of invisibility {unknown}
 s - a potion of lignification {unknown}
 w - 3 potions of flight {unknown}
 A - a potion of ambrosia
 C - 2 potions of magic {unknown}


   Skills:
 + Level 4.2 Fighting
 + Level 0.8 Maces & Flails
 + Level 2.2 Throwing
 + Level 6.2 Dodging
 + Level 2.2 Stealth
 + Level 6.2 Shields
 + Level 9.0 Unarmed Combat
 - Level 1.0 Spellcasting
 + Level 1.2 Invocations


You had 11 spell levels left.
You didn't know any spells.
Your spell library contained the following spells:

 Spells                   Type           Power      Damage    Failure   Level
 Beastly Appendage        Tmut           0%         N/A       45%         1
 Corpse Rot               Necr/Air       0%         N/A       61%         2
 Wereblood                Tmut           0%         N/A       61%         2
 Gell's Gravitas          Tloc           0%         N/A       83%         3
 Lesser Beckoning         Tloc           0%         N/A       83%         3
 Ozocubu's Armour         Ice            0%         N/A       83%         3
 Spider Form              Tmut/Pois      0%         N/A       83%         3
 Teleport Other           Tloc           0%         N/A       83%         3
 Tukima's Dance           Hex            0%         N/A       83%         3
 Anguish                  Hex/Necr       0%         N/A       99%         4
 Animate Dead             Necr           0%         N/A       99%         4
 Passage of Golubria      Tloc           0%         N/A       99%         4
 Agony                    Necr           0%         N/A       100%        5
 Metabolic Englaciation   Hex/Ice        0%         N/A       100%        5
 Summon Forest            Summ/Tloc      0%         N/A       100%        5
 Yara's Violent Unravell  Hex/Tmut       0%         3d3       100%        5
 Dispersal                Tloc           0%         N/A       100%        6
 Simulacrum               Ice/Necr       0%         N/A       100%        6
 Starburst                Conj/Fire      0%         6d3       100%        6
 Enfeeble                 Hex            0%         N/A       100%        7
 Polar Vortex             Ice            0%         N/A       100%        9


Dungeon Overview and Level Annotations

Branches:
Dungeon (9/15)             Temple (1/1) D:5            Lair (0/6) D:9
    Orc: D:9-12

Altars:
Ashenzari
Cheibriados
Gozag
Hepliaklqana
Kikubaaqudgha
Makhleb
Nemelex Xobeh
Okawaru
Qazlal
Sif Muna
Trog
Uskayaw
Vehumet
Wu Jian
Xom
Yredelemnul
The Shining One

Shops:
D:2 =   D:9 *

Annotations:
D:3 3 runed translucent doors, AlmostDecent's ghost, amateur DsHu; BIGUP's ghost, weakling GrGl; Snarg's ghost, amateur DgWn; freelancePsychic's ghost, novice KoWn


Innate Abilities, Weirdness & Mutations

You are too large for most types of armour.
You have claws for hands.
Your natural rate of healing is unusually fast.
You are covered in fur. (AC +1)
You have tough skin. (AC +1)
Your body sometimes deteriorates upon taking damage.


Message History

The orc warrior hits you with a +0 war axe!
Your body deteriorates!
You feel dopey.
You closely miss the orc warrior.
The orc warrior is lightly wounded.
You block the orc warrior's attack.
The orc warrior hits you with a +0 war axe!
The orc priest calls down the wrath of Beogh upon you.
Beogh smites you!
You bludgeon the orc warrior!!
The orc warrior is almost dead.
The orc warrior hits you with a +0 war axe!
You closely miss the orc warrior.
The orc warrior is almost dead.
The orc priest calls down the wrath of Beogh upon you.
Beogh smites you! The orc warrior closely misses you.
The orc priest looks satisfied for a moment.
You block the orc warrior's attack.
The orc priest calls down the wrath of Beogh upon you.
Beogh smites you!
You are confused.
You feel invigorated.
The orc warrior hits you with a +0 war axe!!
* * * LOW HITPOINT WARNING * * *
Your body deteriorates!
You feel clumsy.
The orc priest looks encouraged for a moment.
You're too confused to move!
The orc warrior hits you with a +0 war axe!
* * * LOW HITPOINT WARNING * * *
You bump into the rock wall.
The orc priest calls upon Beogh to heal the orc warrior.
The orc warrior is healed somewhat.
The orc warrior barely misses you.
You feel less invigorated.
You feel less confused. The orc warrior misses you.
The orc priest calls down the wrath of Beogh upon you.
Beogh smites you!
* * * LOW HITPOINT WARNING * * *
The orc priest invokes the aid of Beogh against you.
Beogh smites you!
You die...

#..####..#.###.#.
# #####.#.# ###.
#.......# #. ####
#.####.## #. #...
#.# #..# #.
####... #.# ##.#
#. ......o#####
#.# .. #.
#..o.o.###.# #.#
#. #..###@....#
.. #. #.. #######
#..


o.o ##.. #.. #.. You could see an orc warrior, an orc priest and an orc.

Vanquished Creatures
  Grinder (D:3)
  2 wyverns
  Sigmund (D:2)
  Menkaure (D:5)
  3 ice beasts
  A water moccasin (D:6)
  3 orc warriors
  2 black bears
  A sky beast (D:7)
  A necrophage (D:6)
  2 centaurs (D:6)
  5 ogres
  3 phantoms
  A bullfrog (D:9)
  A gnoll sergeant (D:5)
  4 scorpions
  9 wights
  2 howler monkeys
  3 orc priests
  4 hounds
  3 jellies (D:6)
  Natasha (thrice) (D:3)
  5 iguanas
  10 orc wizards
  Robin (D:2)
  7 gnolls
  3 adders
  3 ufetubi
  A worm (D:4)
  2 dart slugs
  22 orcs
  10 ball pythons
  9 endoplasms
  8 giant cockroaches
  15 goblins
  4 hobgoblins
  3 jackals (D:2)
  5 kobolds
  8 quokkas
  6 bats
  A frilled lizard (D:1)
  5 rats
184 creatures vanquished.

Notes
Turn   | Place    | Note
-------+----------+-------------------------------------------
     0 | D:1      | anonymouscript the Troll Fighter began the quest for the
                  | Orb.
     0 | D:1      | Reached XP level 1. HP: 22/22 MP: 0/0
    56 | D:1      | Reached XP level 2. HP: 29/29 MP: 1/1
   238 | D:1      | Reached XP level 3. HP: 35/36 MP: 2/2
   460 | D:2      | Found Duazukh's Jewellery Boutique.
   514 | D:2      | Noticed Robin
   515 | D:2      | Noticed Sigmund
   580 | D:2      | Killed Sigmund
   581 | D:2      | Reached skill level 3 in Unarmed Combat
   581 | D:2      | Reached XP level 4. HP: 44/44 MP: 3/3
   581 | D:2      | Reached XP level 5. HP: 52/52 MP: 4/4
   585 | D:2      | Killed Robin
   640 | D:2      | Found a faded altar of an unknown god.
   652 | D:2      | Prayed at the altar of an unknown god.
   652 | D:2      | Became a worshipper of Cheibriados the Contemplative
   652 | D:2      | Reached * piety under Cheibriados
   819 | D:2      | Found a broken altar of Ashenzari.
  1354 | D:3      | Noticed Grinder
  1363 | D:3      | Paralysed by Grinder for 4 turns
  1385 | D:3      | Killed Grinder
  1386 | D:3      | Reached skill level 4 in Unarmed Combat
  1386 | D:3      | Reached XP level 6. HP: 27/59 MP: 5/5
  1469 | D:3      | Noticed Natasha
  1482 | D:3      | Killed Natasha
  1511 | D:3      | Found a runed translucent gate.
  1511 | D:3      | Found a runed translucent gate.
  1511 | D:3      | Found a runed translucent gate.
  1511 | D:3      | Noticed Snarg's ghost (amateur DgWn)
  1511 | D:3      | Noticed BIGUP's ghost (weakling GrGl)
  1511 | D:3      | Noticed AlmostDecent's ghost (amateur DsHu)
  1511 | D:3      | Noticed freelancePsychic's ghost (novice KoWn)
  1517 | D:3      | Got Didghurph's Reference Book on Evil and Cold
  1622 | D:3      | Noticed Natasha
  1662 | D:3      | Killed Natasha
  1662 | D:3      | Reached ** piety under Cheibriados
  1836 | D:3      | Noticed Natasha
  1842 | D:3      | Killed Natasha
  2057 | D:3      | Reached skill level 1 in Spellcasting
  2057 | D:3      | Reached XP level 7. HP: 67/67 MP: 7/7
  2641 | D:4      | Reached skill level 1 in Throwing
  2647 | D:5      | Entered Level 5 of the Dungeon
  2811 | D:5      | Noticed Menkaure
  2829 | D:5      | Reached skill level 5 in Unarmed Combat
  2829 | D:5      | Reached XP level 8. HP: 75/75 MP: 4/8
  2831 | D:5      | Killed Menkaure
  2832 | D:5      | Reached skill level 1 in Stealth
  2959 | D:5      | Identified the +0 robe "Gikayt" {Contam rF+ Regen+ Int+3}
  2978 | D:5      | Reached skill level 1 in Invocations
  2989 | D:5      | Found a staircase to the Ecumenical Temple.
  2996 | Temple   | Entered the Ecumenical Temple
  3329 | D:5      | Reached *** piety under Cheibriados
  3414 | D:5      | Reached skill level 5 in Shields
  3414 | D:5      | Reached skill level 6 in Unarmed Combat
  3797 | D:6      | Reached XP level 9. HP: 71/84 MP: 9/9
  3801 | D:6      | Reached skill level 7 in Unarmed Combat
  3827 | D:6      | Reached skill level 5 in Dodging
  3885 | D:6      | Reached **** piety under Cheibriados
  3899 | D:6      | Got Nemamenu's Incunabulum of Fire and the Escort
  4355 | D:6      | Reached skill level 8 in Unarmed Combat
  4790 | D:7      | Gained mutation: Your body sometimes deteriorates upon
                  | taking damage. [mutagenic glow]
  4804 | D:7      | Reached ***** piety under Cheibriados
  5198 | D:8      | Reached XP level 10. HP: 80/92 MP: 10/10
  5409 | D:8      | Found an ancient bone altar of Kikubaaqudgha.
  6013 | D:9      | Found a staircase to the Lair.
  6099 | D:9      | Reached skill level 9 in Unarmed Combat
  6156 | D:9      | Found Gesoah's Assorted Antiques.
  6475 | D:9      | Killed from afar by an orc priest

Illustrated notes

Levels and vault maps discovered:
D:1:      ncdulo_watergridlock, layout_rooms
D:2:      layout_loops_ring, basic_altar, serial_shops, nicolae_shop_trees,
          hellmonk_ecumenical_altar_run_dry, serial_glass, glass_columns_b,
          glass_columns_b, glass_columns_b, glass_columns_a, glass_columns_b,
          glass_columns_c, due_unseen_surprise, uniq_sigmund, uniq_robin
D:3:      layout_loops_ring, gammafunk_ghost_cemetery,
          minmay_misc_feat_four_crosses, nrook_campfire, uniq_grinder,
          uniq_natasha
D:4:      layout_cave_pools
D:5:      layout_loops_corners, minmay_temple_entry_butterflies,
          gup_sewer_entry_pipe, uniq_menkaure
D:6:      layout_loops_cross, minmay_alternating_orb
D:7:      layout_cave_pools, minmay_door_square
D:8:      layout_basic, kiku_gazebo_garden_becter
D:9:      layout_basic, lair_entry_dummy, serial_shops, shop, shop,
          kennysheep_mini_moat, minmay_diced_spiral
Temple:   nicolae_temple_x_marks_the_god

Skill      XL: |  1  2  3  4  5  6  7  8  9 10 |
---------------+-------------------------------+-----
Shields        | 3 4 5 6 |  6.2
Dodging        | 3 4 6 |  6.2
Unarmed Combat | 3 4 5 6 8 9 |  9.0
Fighting       | 3 4 |  4.2
Spellcasting   | 1 |  1.0
Throwing       | 1 2 |  2.2
Stealth        | 1 2 |  2.2
Invocations    | 1 |  1.2
Maces & Flails | |  0.8

Action                   |  1- 3 |  4- 6 |  7- 9 | 10-12 || total
-------------------------+-------+-------+-------+-------++-------
Melee: Unarmed           |   107 |    85 |   273 |    29 ||   494
       Club              |       |    48 |       |       ||    48
       Morningstar       |       |       |       |    14 ||    14
 Fire: Hunting sling     |       |     1 |       |       ||     1
Throw: Stone             |       |     7 |    35 |       ||    42
Invok: Bend Time         |       |       |     2 |       ||     2
  Use: Potion            |     1 |     1 |       |     1 ||     3
       Scroll            |       |     5 |     5 |     1 ||    11
 Stab: Sleeping          |       |       |     4 |       ||     4
Armor: Robe              |    71 |    62 |    83 |     5 ||   221
Dodge: Dodged            |    52 |    72 |   197 |    21 ||   342
Block: Kite shield       |    70 |    66 |   148 |    22 ||   306

Table legend: (Time is in decaauts)
 A = Elapsed time spent in this place.
 B = Non-inter-level travel time spent in this place.
 C = Inter-level travel time spent in this place.
 D = Time resting spent in this place.
 E = Time spent auto-exploring this place.
 F = Levels seen in this place.
 G = Mean time per level.
                   A        B        C        D        E       F      G
               +--------+--------+--------+--------+--------+-----+--------+
         Total |   9729 |   9388 |    341 |     74 |   6829 |  10 |  972.9 |
       Dungeon |   9639 |   9310 |    329 |     74 |   6758 |   9 | 1071.0 |
        Temple |     89 |     78 |     11 |      0 |     70 |   1 |   89.0 |
               +--------+--------+--------+--------+--------+-----+--------+

Top non-repeatable levels by time:
     D:5: 1553 daAuts
     D:8: 1481 daAuts
     D:6: 1322 daAuts
     D:3: 1164 daAuts
     D:7: 961 daAuts
     D:2: 932 daAuts
     D:9: 897 daAuts
     D:4: 884 daAuts
     D:1: 442 daAuts
  Temple: 89 daAuts
